 Dungeon Sprint DCSS version bcrawl-1.12-11-gb93c957c58 (webtiles) character file.

Game seed: 4146347841533072152

73 Freyura the Magician (level 4, -9/36 HPs)
             Began as an Oni Skald on June 20, 2019.
             Mangled by an ice beast (11 damage)
             ... in the Dungeon (Sprint IX: "|||||||||||||||||||||||||||||").
             The game lasted 00:01:12 (168 turns).

Freyura the Magician (Oni Skald)                     Turns: 168, Time: 00:01:12

Health: -9/36      AC:  3    Str: 15    XL:     4   Next: 27%
Magic:  4/13       EV: 11    Int: 15    God:
Gold:   0          SH:  0    Dex: 10    Spells: 13/14 levels left

rFire    . . .     SeeInvis .   a - +0 mace
rCold    . . .     Gourm    .   (no shield)
rNeg     . . .     Faith    .   b - +0 leather armour
rPois    .         Spirit   .   (helmet restricted)
rElec    .         Reflect  .   (no cloak)
rCorr    .         Harm     .   (no gloves)
MR       .....     NoTele   +   (no boots)
Stlth    +.........             (no amulet)
HPRegen  0.12/turn              (no ring)
MPRegen  0.13/turn              (no ring)

@: no status effects
A: oni magic, claws 1, fangs 1, horns 1
a: no special abilities


You were in the Dungeon.
You were not hungry.

You visited 1 branch

Inventory:

Hand Weapons
 a - a +0 mace (weapon)
Armour
 b - a +0 leather armour (worn)
Scrolls
 d - a scroll of fear
 k - a scroll of blinking
Potions
 h - a potion of haste
 i - 2 potions of magic
 j - a potion of berserk rage
Comestibles
 f - a ration {!d}


   Skills:
 - Level 2.0 Fighting
 - Level 2.1 Maces & Flails
 - Level 0.8 Armour
 - Level 1.7 Dodging
 + Level 5.7 Spellcasting


You had 13 spell levels left.
You knew the following spells:

 Your Spells              Type           Power        Failure   Level  Hunger
a - Infusion              Chrm           ###.....     1%          1    None

Your spell library contained the following spells:

 Spells                   Type           Power        Failure   Level  Hunger
 Blink Other              Tloc           ###...       1%          1    None
 Blink                    Tloc           N/A          1%          2    #......
 Song of Slaying          Chrm           ###.....     1%          2    #......
 Ozocubu's Armour         Chrm/Ice       ###.....     5%          3    ###....
 Regeneration             Chrm/Necr      ###.......   5%          3    ###....
 Spectral Weapon          Hex/Chrm       ###.....     5%          3    ###....


Dungeon Overview and Level Annotations

Branches:
Dungeon (1/1)

Altars:


Innate Abilities, Weirdness & Mutations

You learn spells by gaining experience, not through books or religion.
You only train spellcasting to practice magic.
You have sharp fingernails.
You have very sharp teeth.
You have a pair of small horns on your head.


Message History

Your bite misses the ice beast.
The ice beast is moderately wounded.
The ice beast hits you but does no damage.
The ice beast misses you.
You hit the ice beast.
You bite the ice beast, but do no damage.
The ice beast is moderately wounded.
The ice beast hits you but does no damage.
You hit the ice beast. You headbutt the ice beast!
Your bite misses the ice beast.
The ice beast is severely wounded.
You are no longer magically infusing your attacks.
The ice beast barely misses you.
You hit the ice beast but do no damage. Your headbutt misses the ice beast.
The ice beast is severely wounded.
The ice beast hits you but does no damage.
The ice beast hits you.
* * * LOW HITPOINT WARNING * * *
The ice beast freezes you!
You die...

▓+▓
▓.▓
▓.▓
▓.▓
▓.▓
▓.▓
▓Y▓
▓@▓
▓.▓
▓.▓
▓.▓
▓)▓
▓†▓
▓.▓
▓.▓
▓.▓


You could see an ice beast.

Vanquished Creatures
  2 hounds (D)
  A shadow imp (D)
  An orc (D)
  2 hobgoblins (D)
  A ball python (D)
  2 kobolds (D)
9 creatures vanquished.

Notes
Turn   | Place    | Note
-------+----------+-------------------------------------------
     0 | D        | Freyura the Oni Skald began the quest for the Orb.
     0 | D        | Reached XP level 1. HP: 17/17 MP: 4/4
     6 | D        | Reached skill level 2 in Spellcasting
   141 | D        | Noticed an ice beast
   141 | D        | Noticed a hound
   141 | D        | Noticed a hound
   143 | D        | Reached skill level 3 in Spellcasting
   143 | D        | Reached XP level 2. HP: 24/24 MP: 6/8
   151 | D        | Reached skill level 4 in Spellcasting
   151 | D        | Reached XP level 3. HP: 8/29 MP: 8/11
   161 | D        | Reached skill level 5 in Spellcasting
   161 | D        | Reached XP level 4. HP: 12/36 MP: 4/13
   168 | D        | Mangled by an ice beast

Skill      XL: |  1  2  3 |
---------------+----------+-----
Spellcasting   | 3 4 5 |  5.7
Fighting       | |  2.0
Maces & Flails | |  2.1
Armour         | |  0.8
Dodging        | |  1.7

Action                   |  1- 3 |  4- 6 || total
-------------------------+-------+-------++-------
Melee: Mace              |    34 |     6 ||    40
       Headbutt          |     5 |     3 ||     8
       Bite              |     2 |     1 ||     3
 Cast: Infusion          |     1 |       ||     1
  Use: Potion            |     1 |     1 ||     2
Armor: Leather armour    |     6 |     3 ||     9
Dodge: Dodged            |    21 |     4 ||    25
